 Dungeon Crawl Stone Soup version 0.28.0-53-g5a82cb258f (webtiles) character file.

Game seed: 7453150110029511015

50 DildoBatman the Conjurer (level 4, -1/32 HPs)
             Began as a Formicid Conjurer on July 3, 2022.
             Killed from afar by Sigmund (11 damage)
             ... with a puff of flame
             ... on level 2 of the Dungeon.
             The game lasted 00:03:20 (1575 turns).

DildoBatman the Conjurer (Formicid Conjurer)        Turns: 1575, Time: 00:03:21

Health: -1/32      AC:  3    Str: 12    XL:     4   Next: 4%
Magic:  7/7        EV: 12    Int: 17    God:
Gold:   54         SH:  0    Dex: 11    Spells: 5/8 levels left

rFire   . . .      SeeInvis +   a - +2 dagger (elec)
rCold   . . .      Faith    .   (no shield)
rNeg    . . .      Spirit   .   d - +0 robe
rPois   .          Reflect  .   (helmet unavailable)
rElec   .          Harm     .   (no cloak)
rCorr   .          Rampage  .   (no gloves)
Will    .....                   e - +0 pair of boots
Stlth   +.........              (no amulet)
HPRegen 0.10/turn               (no ring)
MPRegen 0.10/turn               (no ring)

@: confused
A: permanent stasis, dig shafts and tunnels, antennae 3, four strong arms
a: Dig, Shaft Self


You were on level 2 of the Dungeon.
You visited 1 branch of the dungeon, and saw 2 of its levels.

You collected 54 gold pieces.

Inventory:

Hand Weapons
 a - a +2 dagger of electrocution (weapon)
 c - a +0 falchion
Missiles
 b - 36 stones
 h - 16 bolts
 i - 4 poisoned darts
 q - 15 sling bullets
Armour
 d - a +0 robe (worn)
 e - a +0 pair of boots (worn)
Magical Staves
 s - a staff of cold
Jewellery
 o - a ring of fire
Scrolls
 f - a scroll of silence {unknown}
 g - a scroll of holy word {unknown}
 k - 2 scrolls of teleportation {unknown}
 m - a scroll of magic mapping {unknown}
 n - a scroll of enchant armour {unknown}
 p - 2 scrolls of identify {unknown}
Potions
 j - a potion of ambrosia {unknown}
 l - 2 potions of curing {unknown}
 r - a potion of mutation {unknown}


   Skills:
 * Level 1.1 Fighting
 * Level 1.2 Armour
 - Level 1.7 Dodging
 - Level 2.4 Stealth
 * Level 2.5 Spellcasting
 * Level 4.3 Conjurations


You had 5 spell levels left.
You knew the following spells:

 Your Spells              Type           Power      Damage    Failure   Level
a - Searing Ray           Conj           32%        2d5       4%          2
c - Magic Dart            Conj           64%        1d6       3%          1

Your spell library contained the following spells:

 Spells                   Type           Power      Damage    Failure   Level
 Dazzling Flash           Conj/Hex       18%        N/A       22%         3
 Fulminant Prism          Conj/Hex       4%         3d6       58%         4
 Iskenderun's Mystic Bla  Conj/Tloc      9%         2d4       58%         4


Dungeon Overview and Level Annotations

Branches:
Dungeon (2/15)

Altars:

Annotations:
D:2 Sigmund


Innate Abilities, Weirdness & Mutations

You cannot be hasted, slowed, berserked, paralysed or teleported.
You can dig through walls and to a lower floor.
You have a pair of large antennae on your head. (SInv)
Your four strong arms can wield two-handed weapons with a shield.


Message History

You shout for attention!
Sigmund says, "Now you see me, now you don't..."
Sigmund barely misses you. What are your orders? t - Shout!
Orders for allies: a - Attack new target. r - Retreat! s - Stop attacking. g - Guard the area. f - Follow me.
Anything else - Cancel.
You shout for attention!
Sigmund zaps a wand.
The puff of flame misses you.
Unknown command.
Unknown command.
What are your orders? t - Shout!
Orders for allies: a - Attack new target. r - Retreat! s - Stop attacking. g - Guard the area. f - Follow me.
Anything else - Cancel.
You shout for attention!
Sigmund gestures at you while chanting.
You are confused.
What are your orders? t - Shout!
Anything else - Cancel.
You shout for attention!
Sigmund closely misses you. What are your orders? t - Shout!
Anything else - Cancel.
You shout for attention!
What are your orders? t - Shout!
Anything else - Cancel.
You shout for attention!
Sigmund laughs darkly.
Sigmund zaps a wand.
The puff of flame hits you!
You die...

##............### #.....## #..
#..............####......#####
#................##.........<.
#.....)...................###.
#..............####.......†...
####..............# ##.....#####
....#............#####.......####
....##)..............#.......#...
....###.#######.@....#.........##
....# #.#######......#......####
....###..##......@.....#...##
.......#.......#.....############
....##.#.....###.....########...#
....##.#..........)..............
....##.#..>..###....#######......
.....................### #......
.......###)##..........# #......


You could see Sigmund.

Vanquished Creatures
  An adder (D:2)
  3 dart slugs
  3 endoplasms (D:1)
  2 giant cockroaches (D:1)
  5 goblins
  A hobgoblin (D:2)
  3 jackals (D:2)
  4 kobolds
  A quokka (D:1)
  5 ball pythons
  A bat (D:1)
  2 frilled lizards
  A rat (D:1)
32 creatures vanquished.

Notes
Turn   | Place    | Note
-------+----------+-------------------------------------------
     0 | D:1      | DildoBatman the Formicid Conjurer began the quest for the
                  | Orb.
     0 | D:1      | Reached XP level 1. HP: 13/13 MP: 3/3
   148 | D:1      | Reached skill level 4 in Conjurations
   148 | D:1      | Reached XP level 2. HP: 11/19 MP: 0/5
   856 | D:1      | Reached XP level 3. HP: 10/25 MP: 6/6
   907 | D:1      | Learned a level 2 spell: Searing Ray
  1202 | D:2      | Noticed Sigmund
  1323 | D:2      | Reached skill level 1 in Fighting
  1353 | D:2      | Reached skill level 1 in Armour
  1443 | D:2      | Found a faded altar of an unknown god.
  1534 | D:2      | Reached XP level 4. HP: 25/32 MP: 3/7
  1575 | D:2      | Killed from afar by Sigmund

Illustrated notes

Levels and vault maps discovered:
D:1:      amcnicky_arrival_wind_blow, layout_basic, minmay_stone_trees_medium
D:2:      layout_rooms, shapermc_ecumenical_altar_acropolis, skrybe_limestone_x,
          uniq_sigmund

Skill      XL: |  1  2  3 |
---------------+----------+-----
Conjurations   | 4 |  4.3
Fighting       | 1 |  1.1
Armour         | 1 |  1.2
Dodging        | |  1.7
Stealth        | |  2.4
Spellcasting   | |  2.5

Action                   |  1- 3 |  4- 6 || total
-------------------------+-------+-------++-------
Melee: Dagger            |    28 |       ||    28
 Cast: Magic Dart        |    43 |       ||    43
       Searing Ray       |     2 |       ||     2
 Stab: Sleeping          |     5 |       ||     5
Armor: Robe              |     9 |       ||     9
Dodge: Dodged            |    23 |     4 ||    27
